 Dungeon Crawl Stone Soup version 0.31-a0-219-g8d62b2e7bb (webtiles) character file.

Game seed: 1701128158696279772

234081 reriks the Warrior (level 19, -12/128 HPs)
             Began as a Gargoyle Fighter on July 3, 2023.
             Was a High Priest of Okawaru.
             Mangled by a vault warden
             ... wielding a +0 glaive
              (48 damage)
             ... on level 3 of the Vaults on July 4, 2023.
             The game lasted 01:45:41 (58155 turns).

reriks the Warrior (Gargoyle Fighter)              Turns: 58155, Time: 01:45:42

Health: -12/128    AC: 60    Str: 26    XL:     19   Next: 59%
Magic:  24/30      EV:  8    Int: 16    God:    Okawaru [*****.]
Gold:   1073       SH: 22    Dex: 12    Spells: 18/18 levels left

rFire   + + +        q - +7 demon trident "Xamud" {elec, rElec rF+}
rCold   + + .        v - +0 tower shield
rNeg    + + .        y - +9 crystal plate armour "Gatwegua" {Int+3}
rPois   ∞            k - +1 helmet "Mozuurgho" {rF+ rC+ rN+ SInv}
rElec   +            N - scarf {rC+ rF+}
rCorr   +            S - +0 pair of gloves "Zerub" {Dex+3}
SInv    +            t - +2 pair of boots {Stlth+}
Will    ++...        (no amulet) Stlth
                     l - ring of Sitsudea {rCorr Str+2 Slay+4}
HPRegen 0.41/turn    W - ring of willpower
MPRegen 0.22/turn

%: no passive effects
@: heroic, finesse-ful, flying
A: sickness immunity, AC +14, big wings, negative energy resistance 1,
electricity resistance, torment resistance 1, petrification resistance
}: 1/15 runes: gossamer
a: Renounce Religion, Heroism, Finesse, Duel


You were on level 3 of the Vaults.
You worshipped Okawaru.
Okawaru was extremely pleased with you.
You visited 8 branches of the dungeon, and saw 31 of its levels.
You visited the Abyss 1 time.
You also visited: Ice Cave.

You collected 3296 gold pieces.
You spent 2223 gold pieces at shops.

Inventory:

Hand Weapons
 q - the +7 demon trident "Xamud" (weapon) {elec, rElec rF+}
   (Okawaru gifted it to you on level 13 of the Dungeon)

   rF:        It protects you from fire.
   rElec:     It insulates you from electricity.
 u - the +11 spear "Hidd" {freeze, *Noise Fly rPois rF+++}
   (You found it on level 3 of the Dungeon)

   rF:        It renders you almost immune to fire.
   rPois:     It protects you from poison.
   Fly:       It grants you flight.
   *Noise:    It may make noises in combat.
 E - a +0 scimitar of flaming
Missiles
 B - 13 boomerangs (quivered)
 T - 7 javelins
Armour
 b - a +0 troll leather armour
 k - the +1 helmet "Mozuurgho" (worn) {rF+ rC+ rN+ SInv}
   (You bought it in a shop on level 2 of the Orcish Mines)

   rF:        It protects you from fire.
   rC:        It protects you from cold.
   rN:        It protects you from negative energy.
   SInv:      It lets you see invisible.
 m - a +3 plate armour
 p - the +1 helmet of the Eternal Fruit {Will- rCorr Stlth+}
   (You bought it in a shop on level 2 of the Vaults)

   rCorr:     It protects you from acid and corrosion.
   Will:      It decreases your willpower.
   Stlth:     It makes you more stealthy.
 s - the +8 plate armour of Dawn {Regen+ Str-3 Dex+2 SInv}
   (You bought it in a shop on level 2 of the Vaults)

   Str:       It affects your strength (-3).
   Dex:       It affects your dexterity (+2).
   SInv:      It lets you see invisible.
   Regen:     It increases your rate of health regeneration.
 t - a +2 pair of boots of stealth (worn)
 v - a +0 tower shield (worn)
 y - the +9 crystal plate armour "Gatwegua" (worn) {Int+3}
   (Okawaru gifted it to you on level 2 of the Vaults)

   Int:       It affects your intelligence (+3).
 N - a scarf of resistance (worn)
 S - the +0 pair of gloves "Zerub" (worn) {Dex+3}
   (Okawaru gifted it to you on level 10 of the Dungeon)

   Dex:       It affects your dexterity (+3).
Jewellery
 l - the ring of Sitsudea (left hand) {rCorr Str+2 Slay+4}
   (You found it on level 4 of the Lair of Beasts)

   [ring of slaying]

   Str:       It affects your strength (+2).
   Slay:      It affects your accuracy & damage with ranged weapons and melee
   (+4).
   rCorr:     It protects you from acid and corrosion.
 F - a ring of willpower
 G - a ring of positive energy
 W - a ring of willpower (right hand)
Wands
 a - a wand of light (7)
 x - a wand of paralysis (13)
 z - a wand of mindburst (14)
 O - a wand of digging (17)
Scrolls
 c - 2 scrolls of silence
 f - 5 scrolls of teleportation
 j - 6 scrolls of fog
 I - a scroll of enchant weapon
 J - 5 scrolls of fear
 K - a scroll of revelation {unknown}
 R - 2 scrolls of enchant armour
 U - 12 scrolls of identify
 V - a scroll of poison
Potions
 d - 3 potions of might
 e - 10 potions of curing
 g - 4 potions of ambrosia
 h - 6 potions of heal wounds
 i - 5 potions of brilliance
 n - 2 potions of resistance
 o - 6 potions of enlightenment
 r - a potion of berserk rage
 w - 4 potions of haste
 A - 2 potions of lignification {unknown}
 C - 4 potions of cancellation
 D - 5 potions of mutation {unknown}
 H - 2 potions of degeneration {unknown}
 M - 3 potions of attraction
 Y - 3 potions of experience {unknown}
 Z - a potion of magic {unknown}


   Skills:
 + Level 17.6(22.6) Fighting
 - Level 5.5(10.5) Maces & Flails
 - Level 13.0(18.0) Polearms
 + Level 8.5(13.5) Throwing
 + Level 17.5(22.5) Armour
 + Level 17.4(22.4) Shields
 + Level 15.8 Invocations


You had 18 spell levels left.
You didn't know any spells.
Your spell library contained the following spells:

 Spells                   Type           Power      Damage    Failure   Level
 Apportation              Tloc           0%         N/A       98%         1
 Magic Dart               Conj           0%         1d3       98%         1
 Necrotise                Necr           0%         1d4       98%         1
 Slow                     Hex            0%         N/A       98%         1
 Blink                    Tloc           0%         N/A       99%         2
 Ensorcelled Hibernation  Hex/Ice        0%         N/A       99%         2
 Lesser Beckoning         Tloc           0%         N/A       99%         2
 Momentum Strike          Conj/Tloc      0%         3d8       99%         2
 Passwall                 Tmut/Erth      0%         N/A       99%         2
 Static Discharge         Conj/Air       0%         2-2/arc   99%         2
 Confusing Touch          Hex            0%         N/A       100%        3
 Mephitic Cloud           Conj/Pois/Air  0%         N/A       100%        3
 Ozocubu's Armour         Ice            0%         N/A       100%        3
 Portal Projectile        Hex/Tloc       0%         N/A       100%        3
 Spider Form              Tmut/Pois      0%         N/A       100%        3
 Vampiric Draining        Necr           0%         2d6       100%        3
 Anguish                  Hex/Necr       0%         N/A       100%        4
 Manifold Assault         Tloc           0%         N/A       100%        4
 Petrify                  Tmut/Erth      0%         N/A       100%        4
 Blade Hands              Tmut           0%         N/A       100%        5
 Metabolic Englaciation   Hex/Ice        0%         N/A       100%        5
 Orb of Destruction       Conj           0%         9d5       100%        7
 Ozocubu's Refrigeration  Ice            0%         4d7       100%        7
 Storm Form               Tmut/Air       0%         N/A       100%        7
 Lehudib's Crystal Spear  Conj/Erth      0%         10d2      100%        8
 Summon Small Mammal      Summ           Unusable   N/A       N/A         1
 Call Imp                 Summ           Unusable   N/A       N/A         2
 Summon Guardian Golem    Hex/Summ       Unusable   N/A       N/A         3
 Tukima's Dance           Hex            Unusable   N/A       N/A         3
 Statue Form              Tmut/Erth      Unusable   N/A       N/A         6
 Spellforged Servitor     Conj/Summ      Unusable   N/A       N/A         7

Dungeon Overview and Level Annotations

Branches:
Dungeon (14/15)            Temple (1/1) D:5            Lair (5/5) D:9
 Shoals (1/4) Lair:3       Spider (4/4) Lair:3        Slime (0/5) Lair:5
    Orc (2/2) D:11            Elf (1/3) Orc:2        Vaults (3/5) D:13
  Crypt (0/3) Vaults:2      IceCv (visited)

Altars:
Ashenzari
Cheibriados
Dithmenos
Elyvilon
Fedhas
Gozag
Hepliaklqana
Kikubaaqudgha
Nemelex Xobeh
Okawaru
Qazlal
Sif Muna
Trog
Uskayaw
Vehumet
Wu Jian
Xom
Yredelemnul
Zin
The Shining One
Lugonu

Shops:
D:3 [   D:9 (   D:10 =   D:13 *   Orc:2 *:*[   Vaults:2 [

Portals:
Abyss: D:3 Lair:5
Pandemonium: Orc:2

Annotations:
D:14 Jorgrun
Shoals:1 Nikola
Spider:2 Roxanne


Innate Abilities, Weirdness & Mutations

You are immune to sickness and miasma.
Your stone body is resilient. (AC +14)
You are immune to poison.
Your large and strong wings let you fly.
You resist negative energy. (rN+)
You are resistant to electric shocks. (rElec)
You are resistant to unholy torment.
You are immune to petrification.


Message History

You block the vault warden's attack. x2; You block the orc knight's attack.
You can now deal lightning-fast blows.
The ice encasing you melts away. You block the vault warden's attack.
The ironbound convoker casts a spell at the vault warden.
The vault warden seems to grow stronger.
You block the vault warden's attack.
The orc knight hits you from afar with a +0 glaive!!
The vault warden hits you but does no damage.
You block the orc knight's attack.
Items here: ))) [[[ †.
Reach: q) +7 demon trident "Xamud" {elec, rElec rF+}
Press: ? - help, Dir - move target, f - vault warden
Aim: a vault warden, wielding a +0 long sword, wearing a +1 chain mail of poison resistance and wearing a +0 kite shield (lightly wounded, about 21% to evade the +7 demon trident "Xamud")
You closely miss the vault warden.
The vault warden is lightly wounded.
The orc knight hits you but does no damage.
You hit the vault warden.
Lightning courses through the vault warden!
The vault warden is moderately wounded.
You impale the vault warden!!
The vault warden is heavily wounded.
The vault warden blocks your attack.
The vault warden is heavily wounded.
The vault warden hits you but does no damage.
The ironbound convoker hits you but does no damage.
The vault warden hits you from afar with a +0 glaive!
* * * LOW HITPOINT WARNING * * *
You block the orc knight's attack.
You puncture the vault warden!
The vault warden is severely wounded.
The vault warden blocks your attack.
The vault warden is severely wounded.
The vault warden blocks your attack.
The vault warden is severely wounded.
You block the vault warden's attack.
The ironbound convoker points at the vault warden and mumbles some strange words.
The vault warden seems to grow stronger.
The vault warden hits you from afar with a +0 glaive!!!
You die...

.......................#.c..
..c....................'cp..
.......................c....
..........##########..p#....
#########..#........#p..#
...
#.......#..#........#...# ..
#.......#..#........#...# .
#.......+.)#...<....#...#
#.......#.(#@.......#p..#
#.......#pppp.......#...#
#.......#.o##########...#
#########.[.............#
.......................#
..p....................#
.......................#
##########''##########+#
..........#


TT.... You could see 2 vault wardens, an orc knight (strong), an ironbound
frostheart (strong) and an ironbound convoker.

Vanquished Creatures
  Arachne (Spider:1)
  Rupert (Vaults:2)
  Asterion (Vaults:2)
  The ghost of Iluymox the Imperceptible, an adept KoBr of Hepliaklqana (Vaults:1)
  A tentacled starspawn (Abyss:3)
  A sphinx (Vaults:1)
  A tengu reaver (Vaults:1)
  An ancient champion (Vaults:1)
  Kirke (D:13)
  Donald (Vaults:2)
  Agnes (Spider:3)
  A draconian knight (Vaults:1)
  7 vault wardens
  Aizul (Spider:3)
  An orc warlord (Arena)
  An emperor scorpion (Spider:4)
  3 ghost moths (Spider:4)
  A formless jellyfish (Vaults:1)
  8 ironbound preservers
  2 broodmothers (Spider:4)
  A caustic shrike skeleton (Abyss:3)
  A juggernaut skeleton (Abyss:3)
  3 ironbound thunderhulks
  A vampire knight (Vaults:2)
  8 dire elephants
  The ghost of AwFulAwFulPlayer the Spear-Bearer, a journeyman DsCK of Xom (Lair:4)
  5 spark wasps
  Josephine (D:10)
  The ghost of Tollund the Grappler, a journeyman TrTm of Dithmenos (D:11)
  3 entropy weavers
  2 demonspawn (Orc:2)
  3 yaktaur captains
  4 ironbound frosthearts
  4 great orbs of eyes
  15 vault guards
  An ogre mage (D:13)
  2 boulder beetles
  7 hydras
  Erica (D:8)
  A death knight (D:14)
  11 centaur warriors
  3 jorogumos
  3 two-headed ogres
  5 radroaches
  13 demonic crawlers
  14 death yaks
  4 tengu warriors (D:13)
  3 thrashing horrors
  2 orc high priests (Orc:2)
  Sonja (D:10)
  A soul eater (Orc:2)
  A wretched star (Abyss:3)
  A deep elf knight (Orc:2)
  Amaemon (Lair:3)
  5 pharaoh ants
  A sixfirhy (Orc:2)
  5 orb spiders
  A sea snake (Lair:3)
  18 deep trolls
  A spatial maelstrom (Abyss:3)
  4 lindwurms
  7 steelbarb worms
  A spriggan simulacrum (D:14)
  5 harpies
  4 orc knights (Orc:2)
  3 wizards
  5 ironbound convokers
  A phantasmal warrior (Vaults:2)
  11 wolf spiders
  5 deep elf pyromancers
  6 deep elf zephyrmancers
  2 necromancers (D:13)
  11 starcursed masses (Abyss:3)
  10 orc sorcerers
  8 ugly things
  4 moths of wrath
  4 cyclopes
  A manticore (D:13)
  14 elephants
  A rust devil (Orc:2)
  7 black mambas
  A merfolk siren (Lair:3)
  5 vault sentinels
  5 smoke demons
  An orange demon (Lair:2)
  2 gargoyles (D:13)
  5 torpor snails
  14 cane toads
  2 unseen horrors
  25 yaktaurs
  An efreet (D:14)
  An anaconda simulacrum (D:14)
  5 rime drakes
  2 freezing wraiths (D:14)
  11 komodo dragons
  3 tengu conjurers (D:13)
  A hellwing (Orc:2)
  2 ancient zymes (Lair:5)
  A hydra zombie (Abyss:3)
  3 merfolk (Lair:3)
  2 polar bears
  9 trolls
  A meliai (Spider:4)
  22 tarantellas
  Prince Ribbit (D:8)
  A dream sheep (shapeshifter) (D:13)
  3 hornets
  22 blink frogs
  6 dream sheep (Lair:3)
  3 raiju (Abyss:3)
  6 large abominations
  21 slime creatures
  33 jumping spiders
  A flying skull (Vaults:2)
  A centaur simulacrum (D:14)
  A snapping turtle (Shoals:1)
  A vampire (D:14)
  A spriggan (Lair:5)
  9 wraiths
  15 culicivoras
  7 basilisks
  5 ynoxinuls
  A dire elephant simulacrum (D:14)
  A naga simulacrum (Abyss:3)
  53 yaks
  20 humans (D:13)
  5 hogs
  Grum (D:8)
  2 minotaur simulacra (D:14)
  39 redbacks
  12 vampire mosquitoes
  7 wargs
  2 chaos spawn
  2 acid dragons
  2 spatial vortices (Abyss:3)
  A harpy simulacrum (D:14)
  18 water moccasins
  A black bear (shapeshifter) (Lair:5)
  An ice beast (Abyss:3)
  30 orc warriors
  The ghost of AltDragon the Trooper, an amateur MiFi (D:3)
  3 sky beasts
  9 ogres
  11 wolves
  4 centaurs
  2 phantoms
  3 kobold brigands (D:11)
  9 bullfrogs
  15 small abominations
  7 gnoll sergeants
  2 deep troll simulacra (D:14)
  7 scorpions
  11 wights
  4 killer bees (D:8)
  4 howler monkeys
  3 electric eels
  5 hounds
  A quasit (D:3)
  33 orc priests
  4 jellies
  A gnoll bouda (D:6)
  6 iguanas
  19 orc wizards
  17 gnolls
  8 adders
  4 white imps
  2 ufetubi
  3 worms
  2 dart slugs
  80 orcs
  10 endoplasms
  5 goblins
  7 hobgoblins
  15 kobolds
  4 quokkas
  8 ball pythons
  3 bats
  10 frilled lizards
  5 rats
  A starspawn tentacle (Abyss:3)
1116 creatures vanquished.

Vanquished Creatures (others)
  2 harpies (Shoals:1)
  2 starspawn tentacles (Abyss:3)
4 creatures vanquished.

Grand Total: 1120 creatures vanquished

Notes
Turn   | Place    | Note
-------+----------+-------------------------------------------
     0 | D:1      | reriks the Gargoyle Fighter began the quest for the Orb.
     0 | D:1      | Reached XP level 1. HP: 14/14 MP: 1/1
   125 | D:1      | Reached XP level 2. HP: 16/19 MP: 2/2
   637 | D:1      | Reached XP level 3. HP: 23/23 MP: 3/3
  1504 | D:3      | Reached XP level 4. HP: 25/29 MP: 4/4
  1535 | D:3      | Found a transporter.
  1691 | D:3      | Noticed a small abomination
  1692 | D:3      | Found a transporter.
  1692 | D:3      | Noticed AltDragon's ghost (amateur MiFi)
  1825 | D:3      | Noticed a scorpion
  1830 | D:3      | Killed a scorpion
  1831 | D:3      | Reached XP level 5. HP: 33/33 MP: 5/5
  1897 | D:3      | Found Paxzav's Antique Armour Shop.
  1900 | D:3      | Bought a pair of runed boots for 157 gold pieces
  1934 | D:3      | Identified the +11 spear "Hidd" {freeze, *Noise Fly rPois
                  | rF+++}
  2081 | D:3      | Found a one-way gate to the infinite horrors of the Abyss.
  2242 | D:4      | Found a shimmering altar of Xom.
  2343 | D:4      | Reached skill level 1 in Polearms
  2399 | D:4      | Reached XP level 6. HP: 39/39 MP: 6/6
  2951 | D:5      | Entered Level 5 of the Dungeon
  3121 | D:5      | Reached XP level 7. HP: 41/44 MP: 7/7
  3244 | D:4      | Reached skill level 5 in Fighting
  3244 | D:4      | Reached skill level 5 in Armour
  3468 | D:5      | Reached skill level 5 in Shields
  3964 | D:5      | Found a staircase to the Ecumenical Temple.
  4434 | Temple   | Entered the Ecumenical Temple
  4465 | Temple   | Became a worshipper of Warmaster Okawaru
  4774 | D:5      | Identified the +2 robe of Wujistry {Regen+}
  4989 | D:5      | Reached XP level 8. HP: 46/50 MP: 8/8
  5325 | D:6      | Reached * piety under Okawaru
  5967 | D:7      | Reached skill level 5 in Maces & Flails
  5967 | D:7      | Reached skill level 5 in Polearms
  5976 | D:7      | Reached XP level 9. HP: 45/55 MP: 9/9
  6066 | D:7      | Reached ** piety under Okawaru
  6095 | D:7      | Noticed a hornet
  6115 | D:7      | Killed a hornet
  7631 | D:8      | Noticed Erica
  7633 | D:8      | Noticed Prince Ribbit
  8270 | D:8      | Noticed a hornet
  8273 | D:8      | Killed a hornet
  8423 | D:8      | Reached *** piety under Okawaru
  8464 | D:8      | Killed Prince Ribbit
  8603 | D:8      | Killed Erica
  8603 | D:8      | Noticed a centaur warrior
  8604 | D:8      | Reached XP level 10. HP: 49/63 MP: 10/10
  8619 | D:8      | Killed a centaur warrior
  8619 | D:8      | Reached **** piety under Okawaru
  8772 | D:8      | You are sucked into a shaft and drop 1 floor!
  8798 | D:8      | Reached ***** piety under Okawaru
  8799 | D:8      | Reached skill level 1 in Invocations
  9168 | D:8      | Noticed Grum
  9190 | D:8      | Killed Grum
 10348 | D:9      | Reached XP level 11. HP: 69/69 MP: 13/13
 10349 | D:9      | Found an ancient bone altar of Kikubaaqudgha.
 10558 | D:9      | Found Gimasehy's Antique Weapon Shop.
 10566 | D:9      | Bought a jewelled dire flail for 180 gold pieces
 10566 | D:9      | Identified the +7 dire flail "Gengadgh" {freeze, rC+ rN+
                  | Int-5 Dex+3} (You bought it in a shop on level 9 of the
                  | Dungeon)
 10790 | D:9      | Identified the +3 pair of gloves of Words of Power {Harm}
                  | (Okawaru gifted it to you on level 9 of the Dungeon)
 10790 | D:9      | Received a gift from Okawaru
 10863 | D:9      | Found a staircase to the Lair.
 11085 | Lair:1   | Entered Level 1 of the Lair of Beasts
 12461 | Lair:2   | Identified the +2 demon blade of Haps {protect, *Rage Str+7
                  | Int+4 Dex-2} (Okawaru gifted it to you on level 2 of the
                  | Lair of Beasts)
 12461 | Lair:2   | Received a gift from Okawaru
 12462 | Lair:2   | Reached skill level 5 in Invocations
 12490 | Lair:2   | Reached skill level 10 in Polearms
 12490 | Lair:2   | Reached XP level 12. HP: 62/76 MP: 15/15
 12831 | Lair:3   | Noticed a four-headed hydra
 13203 | Lair:3   | Noticed Amaemon
 13546 | Lair:3   | Killed Amaemon
 13649 | Lair:3   | Found a hole to the Spider Nest.
 13655 | Lair:3   | Reached skill level 10 in Fighting
 13663 | Lair:3   | Reached skill level 10 in Armour
 14065 | Lair:3   | Found a staircase to the Shoals.
 14362 | Lair:3   | Reached skill level 10 in Shields
 14385 | Lair:3   | Reached ****** piety under Okawaru
 14467 | Lair:3   | Killed a one-headed hydra
 14536 | Lair:3   | Identified the +1 short sword of Quihik {drain, Will- Dex+5
                  | Stlth+}
 14541 | Lair:3   | Noticed a death yak
 14541 | Lair:3   | Noticed a death yak
 14560 | Lair:3   | Noticed a death yak
 14567 | Lair:3   | Killed a death yak
 14567 | Lair:3   | Received a gift from Okawaru
 14578 | Lair:3   | Killed a death yak
 14582 | Lair:3   | Killed a death yak
 14848 | Lair:3   | Identified the +1 ring mail of Card Tricks {rF++}
 15109 | Shoals:1 | Entered Level 1 of the Shoals
 15109 | Shoals:1 | Noticed Nikola
 15159 | Lair:4   | Reached XP level 13. HP: 81/83 MP: 18/18
 15640 | Lair:4   | Noticed AwFulAwFulPlayer's ghost (journeyman DsCK)
 16421 | Lair:4   | Found a transporter.
 16427 | Lair:4   | Found a transporter.
 17175 | Lair:5   | Entered Level 5 of the Lair of Beasts
 17225 | Lair:5   | Found a staircase to the Slime Pits.
 17564 | Lair:5   | Received a gift from Okawaru
 18044 | Lair:5   | Received a gift from Okawaru
 18388 | D:10     | Entered Level 10 of the Dungeon
 18393 | D:10     | Identified the +0 pair of gloves "Zerub" {Dex+3} (Okawaru
                  | gifted it to you on level 10 of the Dungeon)
 18393 | D:10     | Received a gift from Okawaru
 18798 | D:10     | Noticed Sonja
 18807 | D:10     | Killed Sonja
 18808 | D:10     | Gained mutation: Your large and strong wings let you fly.
                  | [Gargoyle growth]
 18808 | D:10     | Reached XP level 14. HP: 90/90 MP: 20/20
 18830 | D:10     | Found Xagilio's Jewellery Emporium.
 18837 | D:10     | Bought a ring of willpower for 400 gold pieces
 19045 | D:10     | Found a hazy altar of Hepliaklqana.
 19169 | D:10     | Found a basalt altar of Yredelemnul.
 19685 | D:11     | Noticed Josephine
 20287 | D:10     | Killed Josephine
 20763 | D:11     | Found a runed translucent gate.
 20763 | D:11     | Found a runed translucent gate.
 20766 | D:11     | Noticed Tollund's ghost (journeyman TrTm)
 20767 | D:11     | Found a runed translucent gate.
 20940 | D:11     | Found a glowing golden altar of the Shining One.
 20982 | D:11     | Found a staircase to the Orcish Mines.
 21183 | D:11     | Killed Tollund's ghost
 21372 | Orc:1    | Entered Level 1 of the Orcish Mines
 21859 | Orc:2    | Entered Level 2 of the Orcish Mines
 21859 | Orc:2    | Noticed an orc warlord
 21860 | Arena    | Entered the Arena
 21885 | Arena    | Killed an orc warlord
 22381 | Orc:2    | Found a staircase to the Elven Halls.
 24334 | Orc:2    | Found Kirom's General Store.
 24337 | Orc:2    | Found Osuahiw's General Store.
 26177 | Orc:2    | Reached skill level 10 in Invocations
 26197 | Orc:2    | Received a gift from Okawaru
 27073 | Orc:2    | Found Neopn's Book Shop.
 27073 | Orc:2    | Found Hadwut's Antique Armour Boutique.
 27074 | Orc:2    | Found a one-way gate leading to the halls of Pandemonium.
 27078 | Orc:2    | Bought a jewelled helmet for 361 gold pieces
 27078 | Orc:2    | Identified the +1 helmet "Mozuurgho" {rF+ rC+ rN+ SInv}
                  | (You bought it in a shop on level 2 of the Orcish Mines)
 27503 | Lair:4   | Reached XP level 15. HP: 97/97 MP: 19/22
 27543 | Lair:4   | Killed AwFulAwFulPlayer's ghost
 27778 | Lair:4   | Identified the ring of Sitsudea {rCorr Str+2 Slay+4}
 27860 | Spider:1 | Entered Level 1 of the Spider Nest
 29516 | D:13     | Noticed Kirke
 29652 | D:13     | Killed Kirke
 29746 | D:13     | Found Zunaeseti's Gadget Gallery.
 29761 | D:13     | Identified the +7 demon trident "Xamud" {elec, rElec rF+}
                  | (Okawaru gifted it to you on level 13 of the Dungeon)
 29761 | D:13     | Received a gift from Okawaru
 31227 | D:3      | Killed AltDragon's ghost
 32003 | D:13     | Found a gate to the Vaults.
 32235 | D:14     | Found a frozen archway.
 32236 | D:14     | Noticed Jorgrun
 32560 | IceCv    | Entered an ice cave
 33082 | D:13     | Reached XP level 16. HP: 106/106 MP: 24/24
 33318 | Lair:5   | Identified the +2 helmet "Utyox" {*Corrode rN+ Will++
                  | Int-4} (Okawaru gifted it to you on level 5 of the Lair of
                  | Beasts)
 33318 | Lair:5   | Received a gift from Okawaru
 33849 | Lair:5   | Found a corrupted altar of Lugonu.
 35892 | Spider:2 | Reached skill level 1 in Throwing
 36260 | Spider:2 | Identified the +0 robe "Foitoel" {rCorr Str-3 Int+2}
                  | (Okawaru gifted it to you on level 2 of the Spider Nest)
 36260 | Spider:2 | Received a gift from Okawaru
 36508 | Spider:2 | Got the Precepts of the Iron Atmosphere
 36588 | Spider:2 | Reached skill level 15 in Fighting
 36750 | Spider:2 | Noticed Roxanne
 36892 | Spider:2 | You are sucked into a shaft and drop 1 floor!
 36892 | Spider:3 | Noticed Aizul
 36903 | Spider:3 | Reached skill level 15 in Armour
 38400 | Spider:2 | Noticed Arachne
 38739 | Spider:1 | Killed Arachne
 38740 | Spider:1 | Reached skill level 15 in Shields
 39894 | Spider:3 | Killed Aizul
 39895 | Spider:3 | Reached XP level 17. HP: 113/113 MP: 19/26
 40434 | Spider:3 | Noticed Agnes
 40441 | Spider:3 | Killed Agnes
 41544 | Spider:4 | Entered Level 4 of the Spider Nest
 46887 | Spider:4 | Reached skill level 5 in Throwing
 48091 | Spider:4 | Identified the +0 crystal plate armour of Tehiyc {Rampage
                  | *Slow rN++ Str+2} (Okawaru gifted it to you on level 4 of
                  | the Spider Nest)
 48091 | Spider:4 | Received a gift from Okawaru
 49427 | Spider:4 | Got a gossamer rune of Zot
 50131 | Elf:1    | Entered Level 1 of the Elven Halls
 50493 | Abyss:3  | Found a corrupted altar of Lugonu.
 50493 | Abyss:3  | Cast into level 3 of the Abyss (a deep elf sorcerer)
 50567 | Abyss:3  | Found a corrupted altar of Lugonu.
 50720 | Abyss:3  | Found a corrupted altar of Lugonu.
 50787 | Abyss:3  | Found a corrupted altar of Lugonu.
 50856 | Abyss:3  | Paralysed by accursed screaming for 1 turns
 50870 | Abyss:3  | Noticed a tentacled starspawn
 50877 | Abyss:3  | Reached XP level 18. HP: 52/108 MP: 25/28
 51103 | Abyss:3  | Found a corrupted altar of Lugonu.
 51165 | Elf:1    | Escaped the Abyss
 52168 | Vaults:1 | Entered Level 1 of the Vaults
 52332 | Vaults:1 | Found a runed translucent door.
 52333 | Vaults:1 | Noticed Iluymox's ghost (adept KoBr)
 52363 | Vaults:1 | Killed Iluymox's ghost
 52938 | Vaults:1 | HP: 6/122 [ancient champion/+3 battleaxe of draining (24)]
 53322 | Vaults:2 | Found a staircase to the Crypt.
 53326 | Vaults:2 | Paralysed by a vampire knight for 4 turns
 53564 | Vaults:2 | Found Yxzeak's Antique Armour Emporium.
 53567 | Vaults:2 | Bought a jewelled helmet for 285 gold pieces
 53567 | Vaults:2 | Identified the +1 helmet of the Eternal Fruit {Will- rCorr
                  | Stlth+} (You bought it in a shop on level 2 of the Vaults)
 53567 | Vaults:2 | Bought a scorched plate armour for 840 gold pieces
 53567 | Vaults:2 | Identified the +8 plate armour of Dawn {Regen+ Str-3 Dex+2
                  | SInv} (You bought it in a shop on level 2 of the Vaults)
 54093 | Vaults:2 | Reached skill level 15 in Invocations
 54096 | Vaults:2 | Received a gift from Okawaru
 54301 | Vaults:2 | Identified the +9 crystal plate armour "Gatwegua" {Int+3}
                  | (Okawaru gifted it to you on level 2 of the Vaults)
 54301 | Vaults:2 | Received a gift from Okawaru
 55193 | Vaults:1 | Reached XP level 19. HP: 128/128 MP: 30/30
 55219 | Vaults:1 | Noticed Donald
 55456 | Vaults:1 | Noticed Asterion
 55456 | Vaults:1 | Noticed Rupert
 55468 | Vaults:2 | Killed Donald
 55514 | Vaults:2 | Killed Asterion
 55599 | Vaults:2 | Killed Rupert
 58155 | Vaults:3 | Mangled by a vault warden

Illustrated notes

Levels and vault maps discovered:
D:1:      sevenhm_arrival_forest_fort_large_4, layout_loops_ring
D:2:      layout_rooms
D:3:      layout_basic, serial_shops, nicolae_shop_behind_doors,
          gammafunk_ghost_abyssal_escape
D:4:      layout_basic, kennysheep_mini, minmay_lizard_king
D:5:      minmay_polygon_palace, layout_layer_cave,
          minmay_temple_entry_enclosed_plants
D:6:      layout_basic, nicolae_water_bricks, amcnicky_mini_pool_medium
D:7:      layout_cave_pods
D:8:      layout_loops_ring, serial_glass, glass_columns_a, glass_columns_a,
          glass_columns_c, glass_columns_a, fountainhead, uniq_prince_ribbit1,
          uniq_erica, uniq_grum
D:9:      layout_long_grid, nicolae_kikubaaqudgha_miasma_corner,
          erik_lair_orcish_takeover, serial_shops, nicolae_shop_tiny_waterfront
D:10:     layout_small_grid, mainiacjoe_overflow_large_starburst, serial_shops,
          shop, dreamdust_princess_corridor, minmay_holes,
          chequers_serial_rivers_small_3, uniq_sonja
D:11:     layout_big_octagon, kennysheep_orc_monster_closet_entryway,
          biasface_ghost_orc_armoury, skrybe_limestone_x,
          nicolae_tso_carved_into_rock, uniq_josephine
D:12:     layout_irregular_city
D:13:     kennysheep_green_arena, layout_long_grid, grunt_vaults_entry_tiered,
          nicolae_shop_gadgets, uniq_kirke
D:14:     layout_grid_maze, serial_shops, shop,
          portal_ice_cave_entry_ice_simulacra, grunt_ministairs_9, uniq_jorgrun
Temple:   nicolae_temple_bog_church
Lair:1:   layout_roguey
Lair:2:   layout_misc_corridors
Lair:3:   layout_big_grid, elwin_shoals_entry_stream,
          hellmonk_spider_entry_life_and_decay, serial_bayou_shore_b,
          uniq_amaemon
Lair:4:   layout_cave_pods, nzn_ghost_randoct
Lair:5:   hellmonk_lair_end_abyssal_woods, layout_regular_city,
          nicolae_slime_entry_slimehenge, small_statue_intersection
Shoals:1: layout_shoals, nicolae_shop_clearance, uniq_nikola
Spider:1: layout_spider_delve, nicolae_spider_webbed_stairs
Spider:2: nicolae_spider_jumping_over_cracks [nicolae_spider_jumping_sub_grid,
          nicolae_spider_jumping_sub_lanes, nicolae_spider_jumping_sub_shuffled,
          nicolae_spider_jumping_sub_divot], nicolae_spider_circle_web,
          hangedman_spider_tarantella_strand, uniq_roxanne, uniq_arachne
Spider:3: cheibrodos_forgotten_conduit, uniq_aizul, uniq_agnes
Spider:4: grunt_spider_rune_parallel
Orc:1:    layout_caves
Orc:2:    pf_orc_diabolical, layout_caves, basic_altar
Elf:1:    minmay_elf_arrival_summoners, layout_loops_cross,
          hangedman_elf_represent, uniq_louise
Vaults:1: ebering_ghost_reflecting_pool, sword_in_stone,
          nicolae_vaults_closet_pinwheel_4, vaults_dpeg_cross,
          grunt_vaults_trifunnel, nicolae_vaults_storage_room_doors,
          nicolae_vaults_little_ls, nicolae_vaults_big_angled_halls,
          nicolae_vaults_little_squares_5, hangedman_vaults_slice,
          nicolae_vaults_closet_pinwheel_4, nicolae_vaults_variable_pillar_hall,
          layout_vaults_big_room, uniq_donald
Vaults:2: mu_enter_wizlab_4, vaults_room_semicircle,
          nicolae_vaults_shrinking_rooms_2, minmay_crypt_entry_simple_plaza,
          nicolae_vaults_ring_of_whatevers, vaults_mumra_chevron,
          vaults_room_door_ring, v_misc_5, layout_vaults_ring, serial_shops,
          nicolae_shop_pleasant_corner_grove
Vaults:3: nicolae_vaults_network_quinsquares
          [nicolae_vaults_network_quincunx_subvault,
          nicolae_vaults_network_quincunx_subvault,
          nicolae_vaults_network_quincunx_subvault,
          nicolae_vaults_network_quincunx_subvault], vaults_dpeg_ring,
          hangedman_vaults_unwind, grunt_vaults_funnel,
          nicolae_vaults_door_testing_chamber, nicolae_vaults_three_branches,
          nicolae_vaults_weapon_check, layout_vaults_omnicross,
          trove_entry_hex_spiral

Skill      XL: |  1  2  3  4  5  6  7  8  9 10 11 12 13 14 15 16 17 18 19 |
---------------+----------------------------------------------------------+-----
Fighting       | 4 5 6 7 8 9 10 11 12 14 15 16 17 | 17.6
Maces & Flails | 3 4 5 |  5.5
Armour         | 4 5 6 7 8 9 10 11 12 14 15 16 17 | 17.5
Shields        | 4 5 6 7 8 9 10 11 12 14 15 16 17 | 17.4
Polearms       | 1 2 3 5 7 8 10 11 12 13 | 13.0
Invocations    | 2 5 6 8 10 11 13 14 15 | 15.8
Throwing       | 3 5 7 8 |  8.5

Action                     |  1- 3 |  4- 6 |  7- 9 | 10-12 | 13-15 | 16-18 | 19-21 || total
---------------------------+-------+-------+-------+-------+-------+-------+-------++-------
  Melee: Flail             |   163 |    61 |       |       |       |       |       ||   224
         Spear             |       |    60 |   292 |   501 |  1411 |       |       ||  2264
         Scimitar          |       |       |       |     9 |    33 |    15 |       ||    57
         Demon trident     |       |       |       |       |   290 |  1759 |   365 ||  2414
         Unarmed           |       |       |       |       |     8 |       |       ||     8
  Throw: Boomerang         |       |       |     5 |    12 |    39 |    98 |     3 ||   157
 Invoke: Heroism           |       |       |       |     2 |     9 |     9 |     4 ||    24
         Finesse           |       |       |       |     1 |     6 |     5 |     4 ||    16
         Duel              |       |       |       |       |     1 |       |       ||     1
  Evoke: Wand              |       |       |       |       |     2 |     7 |       ||     9
    Use: Scroll            |       |     1 |     8 |     6 |    11 |     5 |     1 ||    32
         Potion            |       |       |       |       |     8 |     1 |       ||     9
   Stab: Paralysed         |       |       |       |       |     2 |       |       ||     2
         Distracted        |       |       |       |       |     1 |     1 |       ||     2
         Sleeping          |       |       |       |       |     1 |       |       ||     1
         Invisible         |       |       |       |       |       |     2 |       ||     2
 Armour: Scale mail        |    87 |    56 |   152 |   207 |   228 |       |       ||   730
         Ring mail         |       |       |       |       |   172 |       |       ||   172
         Plate armour      |       |       |       |       |   178 |   773 |       ||   951
         Crystal plate arm |       |       |       |       |       |    81 |   149 ||   230
  Dodge: Dodged            |    95 |    41 |    80 |   111 |   355 |   290 |    38 ||  1010
  Block: Buckler           |    45 |    21 |    40 |    67 |   276 |       |       ||   449
         Tower shield      |       |       |       |       |    84 |  1268 |   235 ||  1587

Table legend: (Time is in decaauts)
 A = Elapsed time spent in this place.
 B = Non-inter-level travel time spent in this place.
 C = Inter-level travel time spent in this place.
 D = Time resting spent in this place.
 E = Time spent auto-exploring this place.
 F = Levels seen in this place.
 G = Mean time per level.
                   A        B        C        D        E       F      G
               +--------+--------+--------+--------+--------+-----+--------+
         Total |  56789 |  52059 |   4730 |  28189 |  15451 |  34 | 1670.3 |
       Dungeon |  19526 |  17044 |   2482 |   6283 |   7777 |  14 | 1394.7 |
        Temple |     41 |     32 |      9 |      0 |     13 |   1 |   41.0 |
          Lair |   9715 |   8654 |   1061 |   3950 |   3223 |   5 | 1943.0 |
        Shoals |     13 |     12 |      1 |      0 |      0 |   1 |   13.0 |
   Spider Nest |  14908 |  14219 |    689 |  10316 |   2194 |   4 | 3727.0 |
  Orcish Mines |   6144 |   5859 |    285 |   4333 |    823 |   2 | 3072.0 |
   Elven Halls |     38 |     38 |      0 |      0 |      0 |   1 |   38.0 |
        Vaults |   5729 |   5527 |    202 |   2934 |   1331 |   3 | 1909.7 |
         Abyss |    629 |    629 |      0 |    350 |     90 |   1 |  629.0 |
      Ice Cave |      9 |      9 |      0 |      0 |      0 |   1 |    9.0 |
         Arena |     30 |     30 |      0 |     21 |      0 |   1 |   30.0 |
               +--------+--------+--------+--------+--------+-----+--------+

Top non-repeatable levels by time:
Spider:4: 8102 daAuts
   Orc:2: 4914 daAuts
  Lair:3: 3258 daAuts
Spider:3: 2982 daAuts
Spider:2: 2715 daAuts
Vaults:2: 2515 daAuts
  Lair:4: 2367 daAuts
Vaults:1: 2173 daAuts
  Lair:5: 2110 daAuts
    D:13: 2008 daAuts
     D:5: 1930 daAuts
    D:11: 1873 daAuts
     D:8: 1850 daAuts
     D:7: 1833 daAuts
    D:14: 1502 daAuts
